 Dungeon Crawl Stone Soup version 0.21.1-1-g345015f (webtiles) character file.

6 shakethe the Grave Robber (level 1, 0/14 HPs)
             Began as a Demonspawn Necromancer on Feb 24, 2018.
             Slain by a hobgoblin
             ... wielding a +0 club
              (1 damage)
             ... on level 1 of the Dungeon.
             The game lasted 00:00:30 (246 turns).

shakethe the Grave Robber (Demonspawn Necromancer)   Turns: 246, Time: 00:00:31

Health: 0/14       AC:  2    Str:  8    XL:     1   Next: 75%
Magic:  1/3        EV: 12    Int: 16    God:
Gold:   33         SH:  0    Dex: 13    Spells: 3/4 levels left

rFire    . . .     SeeInvis .   d - +0 short sword
rCold    . . .     Gourm    .   (no shield)
rNeg     . . .     Faith    .   a - +0 robe
rPois    .         Spirit   .   (no helmet)
rElec    .         Reflect  .   (no cloak)
rCorr    .         Harm     .   (no gloves)
MR       .....                  (no boots)
Stlth    ++........             (no amulet)
HPRegen  0.04/turn              (no ring)
MPRegen  0.08/turn              (no ring)

@: no status effects
A: no striking features
a: no special abilities


You were on level 1 of the Dungeon.
You were not hungry.

You visited 1 branch of the dungeon, and saw 1 of its levels.

You collected 33 gold pieces.

Inventory:

Hand Weapons
 d - a +0 short sword (weapon)
   (You found it on level 1 of the Dungeon)
 f - a +0 dagger
   (You found it on level 1 of the Dungeon)
Armour
 a - a +0 robe (worn)
Scrolls
 e - a scroll of remove curse {unknown}
Books
 b - a book of Necromancy
Comestibles
 c - 2 rations


   Skills:
 + Level 0.9 Fighting
 - Level 1.7 Dodging
 - Level 1.7 Stealth
 - Level 2.0 Spellcasting
 + Level 4.6 Necromancy


You had 3 spell levels left.
You knew the following spells:

 Your Spells              Type           Power        Failure   Level  Hunger
a - Pain                  Necr           ###.         3%          1    #......


Dungeon Overview and Level Annotations

Branches:
Dungeon (1/15)

Altars:


Message History

You now have 24 gold pieces (gained 8).
You open the door.
There is an open door here.
e - a scroll labeled DAFRAV YFISU
There is an open door here.
A bat comes into view.
The bat closely misses you.
You see here a dagger.
f - a dagger The bat barely misses you.
d - a +0 short sword (weapon)
The bat barely misses you.
You hit the bat. The bat barely misses you.
You hit the bat.
You kill the bat!
No target in view!
No target in view!
No target in view!
No target in view!
No target in view!
No target in view!
No target in view!
No target in view!
No target in view!
No target in view!
No target in view!
A ball python comes into view.
The ball python hisses angrily.
You closely miss the ball python. The ball python barely misses you. x2
You hit the ball python.
The ball python bites you but does no damage.
The ball python grabs you. The ball python constricts you.
You take 1 damage, and have 12/13 hp.
You hit the ball python. The ball python barely misses you.
The ball python constricts you.
The ball python bites you but does no damage.
The ball python constricts you.
You closely miss the ball python. The ball python bites you.
The ball python constricts you.
You take 2 damage, and have 10/13 hp.
You hit the ball python but do no damage.
The ball python bites you. The ball python constricts you.
You take 1 damage, and have 9/13 hp.
You barely miss the ball python.
The ball python bites you but does no damage.
The ball python constricts you. The ball python completely misses you.
The ball python constricts you.
You hit the ball python.
You kill the ball python!
No target in view!
No target in view!
No target in view!
No target in view!
Unknown command.
You see here a ball python corpse.
A kobold comes into view. It is wielding a club.
You see here 9 gold pieces.
A kobold is nearby!
Aim: a kobold, wielding a club (chance to defeat MR: 85%)
The kobold writhes in agony!
You kill the kobold!
You take 1 damage, and have 9/14 hp.
You now have 2/3 mp.
You now have 33 gold pieces (gained 9).
There are no items here.
You see here a club.
A kobold comes into view. It is wielding a dagger.
Found a stone staircase leading down.
MP restored: 3
Aim: a kobold, wielding a dagger (resting, chance to defeat MR: 87%)
The kobold shouts!
The kobold writhes in agony!
You hear a shout!
The kobold throws a stone.
The stone closely misses you.
You take 1 damage, and have 9/14 hp.
You now have 2/3 mp.
Aim: a kobold, wielding a dagger (severely wounded, chance to defeat MR: 87%)
The kobold writhes in agony!
You kill the kobold!
You take 1 damage, and have 8/14 hp.
You now have 1/3 mp.
A kobold comes into view.
You see here a ration.
c - 2 rations (gained 1)
Aim: a kobold (hasn't noticed you, chance to defeat MR: 87%)
The kobold writhes in agony!
You kill the kobold!
You hear a shout! x2
A hobgoblin comes into view. It is wielding a club.
You take 1 damage, and have 7/14 hp.
You now have 0/3 mp.
You hit the hobgoblin but do no damage. The hobgoblin barely misses you.
You barely miss the hobgoblin. The hobgoblin hits you with a club.
* * * LOW HITPOINT WARNING * * *
You take 4 damage, and have 3/14 hp.
MASSIVE DAMAGE!!
You hit the hobgoblin. The hobgoblin hits you with a club.
* * * LOW HITPOINT WARNING * * *
You take 2 damage, and have 1/14 hp.
You hit the hobgoblin.
A goblin comes into view.
The goblin barely misses you. The hobgoblin hits you with a club.
You die...

#.# #.## .#
#..# .#
#######.# .#
......(.##(#
.........#.#
....)....#.#
.........#.#
.#######g@g#
#.......)#
#........#
#.......>#
#........#
#?.......#
#....(...#
##########


You could see a hobgoblin and a goblin.

Vanquished Creatures
  A ball python (D:1)
  A bat (D:1)
  3 kobolds (D:1)
5 creatures vanquished.

Notes
Turn   | Place    | Note
-------+----------+-------------------------------------------
     0 | D:1      | shakethe the Demonspawn Necromancer began the quest for the Orb.
     0 | D:1      | Reached XP level 1. HP: 13/13 MP: 3/3
   243 | D:1      | HP: 3/14 [hobgoblin/club (4)]
   244 | D:1      | HP: 1/14 [hobgoblin/club (2)]
   246 | D:1      | Slain by a hobgoblin

Action                   || total
-------------------------++-------
Melee: Short sword       ||    13
 Cast: Pain              ||     4
Armor: Robe              ||     3
Dodge: Dodged            ||    11

Vault maps used:
D:1:      dpeg_cavernosity

Table legend:
 A = Turns spent in this place as a percentage of turns spent in the entire game.
 B = Non-inter-level travel turns spent in this place as a percentage of non-inter-level travel turns spent in the entire game.
 C = Inter-level travel turns spent in this place as a percentage of turns spent in this place.
 D = Turns resting spent in this place as a percentage of non-inter-level travel turns spent in this place.
 E = Turns spent auto-exploring this place as a percentage of non-inter-level travel turns spent in this place.
 F = Non-inter-level travel turns spent in this place divided by the number of levels of this place that you've seen.
                   A       B       C       D       E      F
               +-------+-------+-------+-------+-------+----------------------
         Total | 100.0 | 100.0 |   0.0 |   0.0 |  81.7 | 246.0
       Dungeon | 100.0 | 100.0 |   0.0 |   0.0 |  81.7 | 246.0
               +-------+-------+-------+-------+-------+----------------------

Table legend:
 A = Kills in this place as a percentage of kills in entire the game.
 B = Kills by you in this place as a percentage of kills by you in the entire game.
 C = Kills by friends in this place as a percentage of kills by friends in the entire game.
 D = Other kills in this place as a percentage of other kills in the entire game.
 E = Experience gained in this place as a percentage of experience gained in the entire game.
 F = Experience gained in this place divided by the number of levels of this place that you have seen.
                   A       B       C       D       E      F
               +-------+-------+-------+-------+-------+----------------------
         Total | 100.0 | 100.0 |   N/A |   N/A | 100.0 |   9.0
       Dungeon | 100.0 | 100.0 |   N/A |   N/A | 100.0 |   9.0
               +-------+-------+-------+-------+-------+----------------------
